Map: Turbo Cruise '84 LE

Players

Reynor

  • Race: Zerg Zerg
  • Spawn Location: 7:00

Nerchio - Winner!

  • Race: Zerg Zerg
  • Spawn Location: 3:00

Event: 2019 WCS Summer

VOD

Have the link to the VOD?

Description

Time

  • Played on: July 13, 2019, 12:15 p.m.
  • Length: 10:12

All games in this series

Show
View Real Time Build Order
Export as new Build Order

Reynor Zerg 

Build Orders: Hatch First 

Get SALT Encoding   

  12  0:00  Drone  
  13  0:12  Overlord  
  13  0:17  Drone  
  14  0:30  Drone x2  
  16  0:50  Hatchery  
  16  0:51  Drone  
  16  0:55  Drone  
  17  0:58  Drone  
  18  1:08  Extractor  
  17  1:15  Spawning Pool  
  17  1:18  Drone  
  17  1:21  Drone  
  18  1:28  Drone  
  19  1:38  Drone  
  20  1:48  Overlord  
  20  2:02  Zergling x4, Queen x2  
  26  2:10  Drone  
  26  2:11  Metabolic Boost  
  26  2:14  Drone  
  28  2:21  Drone  
  29  2:23  Drone  
  30  2:38  Hatchery  
  30  2:40  Drone  
  30  2:42  Drone  
  31  2:48  Baneling Nest  
  31  2:50  Drone  
  31  2:52  Drone  
  31  2:58  Overlord  
  32  2:59  Drone  
  32  3:05  Zergling x2  
  34  3:07  Drone  
  34  3:12  Zergling x2  
  36  3:14  Overlord  
  36  3:17  Zergling x6  
  36  3:19  Zergling x2  
  40  3:21  Zergling x2  
  40  3:25  Zergling x2  
  42  3:32  Baneling x2  
  42  3:33  Zergling x2  
  43  3:35  Zergling x2  
  43  3:37  Baneling  
  43  3:40  Zergling x2  
  45  3:41  Queen  
  45  3:45  Baneling  
  45  3:46  Drone x3  
  49  3:56  Overlord  
  48  4:06  Overlord  
  48  4:07  Drone x6  
  53  4:12  Drone x2  
  53  4:14  Drone  
  53  4:15  Evolution Chamber  
  53  4:16  Drone  
  55  4:19  Drone  
  55  4:20  Drone  
  55  4:24  Drone x2  
  59  4:31  Roach Warren  
  58  4:33  Drone x3  
  61  4:43  Overlord  
  61  4:45  Drone x2  
  63  4:48  Drone x3  
  63  4:51  Extractor  
  65  4:53  Extractor  
  65  4:54  Baneling x2  
  65  4:57  Overlord  
  65  4:59  Drone x3  
  66  5:10  Zergling x14  
  73  5:17  Baneling x2  
  73  5:19  Overlord  
  73  5:25  Baneling  
  73  5:26  Overlord  
  72  5:29  Roach x2  
  72  5:30  Zergling x8, Extractor  
  72  5:32  Spine Crawler x2  
  72  5:33  Roach  
  72  5:34  Spine Crawler, Roach x2  
  72  5:35  Roach  
  84  5:37  Baneling x2  
  84  5:38  Roach  
  84  5:41  Zergling x2  
  87  5:49  Roach x2  
  76  6:02  Queen, Roach x3  
  76  6:04  Zergling x2, Roach x3  
  84  6:07  Baneling  
  84  6:09  Zergling x6, Roach  
  87  6:18  Roach x2  
  85  6:23  Roach x2  
  85  6:25  Queen  
  81  6:26  Roach  
  81  6:30  Roach  
  81  6:32  Roach  
  79  6:35  Roach  
  79  6:37  Zerg Missile Weapons Level 1  
  70  6:41  Roach  
  70  6:43  Zergling x2  
  65  6:49  Roach  
  65  6:53  Roach x2  
  71  6:59  Roach  
  69  7:06  Roach x2  
  69  7:07  Roach  
  73  7:13  Roach x2  
  77  7:16  Roach  
  77  7:17  Zergling x2  
  77  7:18  Zergling x2  
  77  7:19  Zergling x2  
  80  7:23  Roach  
  80  7:33  Lair  
  80  7:34  Drone  
  80  7:36  Hatchery  
  80  7:46  Drone x5  
  81  7:51  Roach  
  81  7:58  Baneling x2  
  67  7:59  Roach  
  67  8:01  Queen, Roach  
  67  8:04  Roach x2  
  67  8:05  Roach  
  77  8:06  Baneling x2  
  77  8:10  Roach  
  79  8:13  Roach  
  81  8:21  Roach  
  81  8:23  Roach  
  85  8:31  Drone  
  85  8:32  Drone  
  85  8:33  Drone x3  
  90  8:37  Extractor  
  90  8:40  Overseer  
  89  8:42  Drone  
  89  8:44  Queen  
  89  8:45  Drone  
  93  8:52  Glial Reconstitution  
  93  8:53  Zergling x2, Roach  
  93  8:55  Drone  
  97  9:02  Roach x2  
  101  9:03  Roach  
  101  9:05  Roach  
  105  9:10  Ravager  
  105  9:14  Overlord x2  
  105  9:18  Overlord  
  105  9:26  Overlord  
  105  9:30  Ravager  
  105  9:32  Ravager x2  
  105  9:33  Ravager  
  105  9:34  Zergling x2, Roach x2  
  105  9:35  Zergling x4  
  105  9:37  Overlord  
  119  9:38  Zergling x2, Roach x2  
  119  9:41  Roach  
  121  9:46  Roach x2  
  121  9:49  Roach  
  121  9:50  Roach  
  121  9:52  Roach  
Show
View Real Time Build Order
Export as new Build Order

Nerchio Zerg - Winner!

Build Orders: Hatch First 

Get SALT Encoding   

  12  0:00  Drone  
  13  0:12  Overlord  
  13  0:17  Drone  
  14  0:30  Drone x2  
  16  0:48  Hatchery  
  15  0:51  Drone  
  15  0:54  Drone  
  17  1:08  Spawning Pool  
  16  1:12  Drone  
  16  1:14  Extractor  
  16  1:18  Drone  
  17  1:21  Drone  
  18  1:27  Drone  
  19  1:38  Overlord  
  19  1:48  Drone  
  20  1:55  Queen  
  20  2:00  Queen  
  24  2:04  Drone x2  
  26  2:10  Zergling x2  
  26  2:13  Zergling x2  
  28  2:15  Metabolic Boost  
  28  2:24  Drone x2  
  30  2:40  Hatchery  
  30  2:41  Drone  
  30  2:44  Zergling x2  
  30  2:51  Baneling Nest  
  30  2:52  Drone  
  31  2:59  Drone  
  31  3:00  Overlord  
  32  3:06  Drone  
  32  3:07  Drone  
  32  3:08  Zergling x2  
  32  3:10  Zergling x2  
  36  3:19  Drone x3  
  39  3:24  Queen  
  41  3:28  Overlord  
  41  3:30  Drone  
  42  3:34  Baneling x2  
  42  3:36  Drone  
  42  3:37  Drone  
  44  3:42  Evolution Chamber  
  44  3:46  Baneling  
  44  3:48  Zergling x6  
  45  3:49  Zergling x2  
  45  3:54  Zergling x6  
  49  4:04  Drone  
  49  4:05  Drone x4  
  49  4:09  Baneling x2  
  53  4:11  Zergling x2  
  53  4:12  Zergling x4  
  53  4:13  Baneling  
  56  4:18  Extractor  
  56  4:20  Roach Warren  
  54  4:25  Drone x3  
  54  4:26  Drone  
  58  4:32  Extractor  
  58  4:36  Drone  
  58  4:37  Overlord  
  58  4:41  Overlord  
  58  4:43  Overlord  
  57  5:00  Roach  
  57  5:01  Roach x7  
  73  5:07  Roach x2  
  73  5:09  Roach  
  73  5:11  Roach  
  81  5:18  Overlord  
  81  5:28  Zergling x4  
  82  5:30  Overlord x2  
  82  5:34  Baneling x8  
  82  5:37  Zergling x4  
  82  5:41  Zergling x4  
  86  5:50  Zergling x10  
  86  5:57  Zergling x4  
  84  5:58  Zergling x2  
  84  5:59  Zergling x2  
  84  6:01  Roach x2  
  84  6:03  Ravager  
  87  6:07  Roach x2  
  87  6:10  Roach  
  93  6:11  Ravager  
  93  6:15  Roach  
  93  6:17  Roach  
  92  6:20  Roach  
  92  6:24  Roach  
  91  6:29  Roach  
  91  6:31  Roach  
  90  6:34  Zergling x10  
  90  6:37  Roach  
  90  6:39  Roach  
  93  6:46  Zergling x8  
  92  6:54  Zergling x2  
  92  6:55  Zergling x8  
  92  7:00  Zergling x6  
  90  7:05  Zerg Missile Weapons Level 1  
  90  7:07  Drone x2  
  90  7:09  Drone  
  90  7:18  Drone x5  
  92  7:24  Lair  
  92  7:27  Drone x3  
  91  7:33  Drone x3  
  91  7:35  Extractor  
  93  7:40  Roach x3  
  99  7:50  Roach x4  
  101  7:52  Roach  
  101  7:53  Roach  
  104  7:58  Roach  
  104  7:59  Roach  
  104  8:00  Overlord  
  104  8:02  Overlord  
  104  8:04  Overlord  
  106  8:11  Overlord x2  
  105  8:17  Overlord x2  
  107  8:20  Roach x2  
  107  8:21  Glial Reconstitution  
  109  8:30  Roach x3  
  115  8:34  Ravager x3  
  115  8:38  Roach x2  
  115  8:39  Roach  
  124  8:44  Roach x2  
  130  8:48  Roach  
  130  8:49  Roach  
  130  8:51  Roach  
  130  8:54  Roach  
  135  8:56  Roach  
  135  8:58  Roach  
  135  9:01  Roach  
  141  9:04  Roach  
  141  9:06  Overlord  
  143  9:15  Roach x4  
  151  9:19  Roach  
  151  9:20  Roach  
  151  9:23  Overlord x2  
  155  9:26  Roach x2  
  154  9:31  Roach x2  
  154  9:36  Zergling x6  
  151  9:52  Roach  
  151  9:53  Roach  
Tags
 
Add a new tag
Caveats
  • Supply blocks, unpowered buildings, or Contaminate may cause inaccurate times.
  • Supply counts are checked every 10 seconds.